 Dungeon Crawl Stone Soup version 0.30.0-29-ga12c61a403 (webtiles) character file.

Game seed: 9996255518147628402

219 qw the Chopper (level 5, -2/33 HPs)
             Began as a Gargoyle Fighter on June 3, 2023.
             Slain by a gnoll
             ... wielding a +0 halberd
             ... led by a gnoll bouda
              (8 damage)
             ... on level 4 of the Dungeon.
             The game lasted 00:01:18 (2717 turns).

qw the Chopper (Gargoyle Fighter)                   Turns: 2717, Time: 00:01:18

Health: -2/33      AC: 15    Str: 22    XL:     5   Next: 96%
Magic:  5/5        EV:  8    Int:  8    God:
Gold:   125        SH:  0    Dex:  9    Spells: 4/4 levels left

rFire   + . .        Y - +1 war axe
rCold   . . .        c - +0 buckler
rNeg    + + .        h - +1 chain mail {rF+}
rPois   inf          (no helmet)
rElec   +            (no cloak)
rCorr   .            j - +0 pair of gloves
SInv    .            (no boots)
Will    .....        (no amulet) Stlth
                     o - ring of positive energy
HPRegen 0.25/turn    (no ring)
MPRegen 0.09/turn

%: no passive effects
@: confused
A: sickness immunity, AC +4, negative energy resistance 1, electricity
resistance, torment resistance 1, petrification resistance
a: no special abilities


You were on level 4 of the Dungeon.
You visited 1 branch of the dungeon, and saw 4 of its levels.

You collected 125 gold pieces.


Innate Abilities, Weirdness & Mutations

You are immune to sickness and miasma.
Your stone body is resilient. (AC +4)
You are immune to poison.
You resist negative energy. (rN+)
You are resistant to electric shocks. (rElec)
You are resistant to unholy torment.
You are immune to petrification.


   Skills:
 + Level 3.7 Fighting
 - Level 5.0 Axes
 - Level 1.2 Throwing
 - Level 3.2 Armour
 - Level 3.2 Shields


You had 4 spell levels left.
You didn't know any spells.
Your spell library was empty.

Inventory:

Hand Weapons
 b - a +0 flail
 Y - a +1 war axe (weapon)
Missiles
 l - a silver boomerang (quivered)
 n - 3 boomerangs
 r - 6 javelins
Armour
 c - a +0 buckler (worn)
 h - a +1 chain mail of fire resistance (worn)
 j - a +0 pair of gloves (worn)
Jewellery
 o - a ring of positive energy (left hand)
Scrolls
 g - 3 scrolls of teleportation
 p - a scroll of identify
Potions
 a - a potion of ambrosia {unknown}
 d - a potion of might
 e - a potion of flight {unknown}
 f - a potion of magic {unknown}
 i - a potion of degeneration {unknown}
 k - a potion of berserk rage {unknown}
 m - 3 potions of attraction {unknown}
 q - a potion of heal wounds {unknown}

Dungeon Overview and Level Annotations

Branches:
Dungeon (4/15)
 Temple: D:4-7

Altars:
Elyvilon

Annotations:
D:3 1 runed translucent door, Crazy Yiuf


Message History

Something hits you but does no damage. The sleepcap releases spores at you.
The gnoll bouda hits you with a +0 club.
The gnoll barely misses you.
You hit the sleepcap.
The sleepcap is severely damaged.
You miss something. You hit the gnoll bouda.
The gnoll bouda barks out a call to the hunt!
The gnolls pick up the pace!
Something hits you.
The sleepcap releases spores at you but does no damage.
The gnoll barely misses you. The sleepcap releases spores at you.
Something hits you.
The gnoll bouda hits you with a +0 club.
You hit the sleepcap.
You destroy the sleepcap!
You hit the gnoll bouda but do no damage.
You barely miss something.
Your attacks no longer feel as feeble.
The gnoll hits you but does no damage. Something hits you but does no damage.
The gnoll bouda hits you but does no damage.
Your Throwing skill increases to level 1!
You slash the gnoll bouda!
The gnoll bouda is almost dead.
You hit the gnoll. You hit something. You block the gnoll's attack.
The gnoll hits you but does no damage. Something hits you.
The gnoll bouda mumbles some strange prayers to its god.
The gnoll bouda is healed somewhat.
The gnoll hits you but does no damage.
You slash the gnoll bouda!
You kill the gnoll bouda!
You hit the gnoll but do no damage. You barely miss something.
The gnoll closely misses you.
You hear some strange, mumbled words.
You are confused.
The gnoll hits you with a +0 whip. The gnoll hits you with a +0 flail.
The gnoll hits you but does no damage. Something hits you but does no damage.
The gnoll is no longer moving quickly.
The gnoll hits you but does no damage. The gnoll barely misses you.
The gnoll hits you from afar with a +0 halberd!
You die...

# # #. ### #. #
... #. .#
#.##.###. ##
..>.... ..J #
#...g ..
#.#.gg##.##
###...{@....#
......J)##.##
#######.#
#######.##.#
#..........#
#.#####.#### #.#
#.# ## #.# #.#
.#########.#####.#


You could see 3 gnolls and an endoplasm.

Vanquished Creatures
  A gnoll bouda (D:4)
  A sleepcap (D:4)
  Jessica (D:3)
  Terence (D:3)
  4 adders
  A dart slug (D:1)
  3 orcs (D:4)
  8 endoplasms
  4 giant cockroaches
  7 goblins
  7 hobgoblins
  5 kobolds
  3 quokkas
  11 ball pythons
  4 bats
  3 frilled lizards
  6 rats
70 creatures vanquished.

Notes
Turn   | Place    | Note
-------+----------+-------------------------------------------
     0 | D:1      | qw the Gargoyle Fighter began the quest for the Orb.
     0 | D:1      | Reached XP level 1. HP: 14/14 MP: 1/1
     0 | D:1      | 0 ||| qw: Version: 0.2-a-103-g5a998e5
     0 | D:1      | 0 ||| qw: Game counter: 1036
     0 | D:1      | 0 ||| qw: Always use a shield: true
     0 | D:1      | 0 ||| qw: God list: Okawaru
     0 | D:1      | 0 ||| qw: Allow faded altars: false
     0 | D:1      | 0 ||| qw: Do Orc after D:15 true
     0 | D:1      | 0 ||| qw: Do second Lair branch before Depths: true
     0 | D:1      | 0 ||| qw: Lair rune preference: random
     0 | D:1      | 0 ||| qw: Plans: Normal, Zot:1-4, Slime:5, God:TSO, Crypt,
                  | Tomb, Pan, Hells, Abyss, Win
     0 | D:1      | 0 ||| PLANNING D:1-11
    23 | D:1      | Reached skill level 2 in Axes
    72 | D:1      | 72 ||| DROPPING +0 club.
   114 | D:1      | Reached XP level 2. HP: 16/19 MP: 2/2
   133 | D:1      | 133 ||| Stepping ~*~*~tactically~*~*~ (hiding).
   700 | D:1      | 700 ||| DROPPING scarf of harm.
   701 | D:1      | 701 ||| UPGRADING to +0 pair of gloves.
   706 | D:1      | 706 ||| UPGRADING to +0 chain mail.
   716 | D:1      | 716 ||| DROPPING +0 scale mail.
   717 | D:1      | 717 ||| UPGRADING to ring of positive energy.
   718 | D:1      | 718 ||| READING scroll labelled WETHIO VYGIT.
   719 | D:1      | 719 ||| READING 2 scrolls labelled NUSOULL PATRIZ.
   722 | D:1      | 722 ||| READING scroll labelled BOSUEL ECEF.
   723 | D:1      | 723 ||| READING scroll labelled UDACIAMERGH.
   784 | D:2      | Reached skill level 3 in Axes
   787 | D:2      | Reached XP level 3. HP: 23/23 MP: 3/3
   906 | D:2      | 906 ||| Stepping ~*~*~tactically~*~*~ (stealth).
   909 | D:2      | 909 ||| Stepping ~*~*~tactically~*~*~ (stealth).
   911 | D:2      | 911 ||| Stepping ~*~*~tactically~*~*~ (stealth).
   933 | D:2      | 933 ||| FLEEEEING.
   934 | D:2      | 934 ||| FLEEEEING.
  1143 | D:2      | Reached XP level 4. HP: 28/28 MP: 4/4
  1146 | D:2      | 1146 ||| Stepping ~*~*~tactically~*~*~ (stealth).
  1330 | D:2      | Found a white marble altar of Elyvilon.
  1384 | D:2      | 1384 ||| READING scroll labelled QIOBRI RARAMN.
  1385 | D:2      | 1385 ||| READING scroll labelled CUMASSYQAD.
  1386 | D:2      | 1386 ||| READING scroll labelled DABOBLOLIY.
  1387 | D:2      | 1387 ||| DRINKING 2 murky yellow potions.
  1388 | D:2      | 1388 ||| DROPPING potion of invisibility.
  1413 | D:3      | Noticed Terence
  1423 | D:3      | Killed Terence
  1424 | D:3      | Reached skill level 4 in Axes
  1476 | D:3      | 1476 ||| DROPPING +0 whip.
  1628 | D:3      | 1628 ||| Stepping ~*~*~tactically~*~*~ (stealth).
  1631 | D:3      | 1631 ||| Stepping ~*~*~tactically~*~*~ (stealth).
  1924 | D:3      | Noticed Jessica
  1931 | D:3      | Killed Jessica
  1932 | D:3      | Reached XP level 5. HP: 32/32 MP: 5/5
  1963 | D:3      | Identified the +7 falchion of Mastery {flame, Str+4 Int+9
                  | Dex-5}
  2180 | D:3      | Found a runed translucent door.
  2181 | D:3      | Noticed Crazy Yiuf
  2484 | D:3      | 2484 ||| UPGRADING to +1 chain mail of fire resistance.
  2494 | D:3      | 2494 ||| DROPPING +0 chain mail.
  2495 | D:3      | 2495 ||| READING scroll labelled WOVEMMO JOMAYP.
  2539 | D:4      | 2539 ||| Stepping ~*~*~tactically~*~*~ (stealth).
  2540 | D:4      | 2540 ||| Stepping ~*~*~tactically~*~*~ (stealth).
  2549 | D:4      | 2549 ||| Stepping ~*~*~tactically~*~*~ (stealth).
  2550 | D:4      | 2550 ||| Stepping ~*~*~tactically~*~*~ (stealth).
  2553 | D:4      | 2553 ||| Stepping ~*~*~tactically~*~*~ (stealth).
  2557 | D:4      | 2557 ||| Stepping ~*~*~tactically~*~*~ (stealth).
  2558 | D:4      | 2558 ||| Stepping ~*~*~tactically~*~*~ (stealth).
  2560 | D:4      | 2560 ||| Stepping ~*~*~tactically~*~*~ (hiding).
  2609 | D:4      | 2609 ||| Stepping ~*~*~tactically~*~*~ (stealth).
  2611 | D:4      | 2611 ||| Stepping ~*~*~tactically~*~*~ (stealth).
  2613 | D:4      | 2613 ||| Stepping ~*~*~tactically~*~*~ (stealth).
  2614 | D:4      | 2614 ||| Stepping ~*~*~tactically~*~*~ (stealth).
  2656 | D:4      | Reached skill level 5 in Axes
  2700 | D:4      | 2700 ||| Stepping ~*~*~tactically~*~*~ (stealth).
  2715 | D:4      | Reached skill level 1 in Throwing
  2716 | D:4      | HP: 8/32 [gnoll/+0 whip[a gnoll bouda] (2)]
  2717 | D:4      | Slain by a gnoll

Levels and vault maps discovered:
D:1:      lemuel_arrival_funnel, layout_basic
D:2:      layout_basic, basic_altar
D:3:      layout_basic, uniq_crazy_yiuf_cottage, uniq_terence, uniq_jessica
D:4:      layout_loops_ring, hex_medium, due_unseen_surprise

Skill      XL: |  1  2  3  4  5 |
---------------+----------------+-----
Axes           | 2 3 4 5 |  5.0
Throwing       | 1 |  1.2
Fighting       | |  3.7
Armour         | |  3.2
Shields        | |  3.2

Action                     |  1- 3 |  4- 6 || total
---------------------------+-------+-------++-------
  Melee: War axe           |   104 |    76 ||   180
  Throw: Boomerang         |    18 |    35 ||    53
    Use: Scroll            |     4 |     4 ||     8
         Potion            |       |     1 ||     1
 Armour: Scale mail        |    34 |       ||    34
         Chain mail        |    43 |    46 ||    89
  Dodge: Dodged            |    40 |    34 ||    74
  Block: Buckler           |    11 |    10 ||    21

Table legend:
 A = Non-vault XP
 B = Vault XP
 C = Vault XP percentage of total XP
 D = Non-vault monster count
 E = Vault monster count
 F = Vault count percentage of total count
                 A         B        C        D         E       F
            +---------+---------+-------+---------+---------+-------
      Total |     241 |      73 |  23.2 |      68 |       2 |   2.9
            +---------+---------+-------+---------+---------+-------
        D:1 |      28 |       0 |   0.0 |      16 |       0 |   0.0
        D:2 |      61 |       0 |   0.0 |      24 |       0 |   0.0
        D:3 |      37 |      73 |  66.4 |      15 |       2 |  11.8
        D:4 |     115 |       0 |   0.0 |      13 |       0 |   0.0
            +---------+---------+-------+---------+---------+-------
